 Dungeon Crawl Stone Soup version 0.22-a0-83-g218e7ff (webtiles) character file.

248 shit the Cudgeler (level 5, -4/45 HPs)
             Began as a Minotaur Fighter on Jan 20, 2018.
             Slain by an ogre
             ... wielding a +0 giant club
              (20 damage)
             ... on level 4 of the Dungeon.
             The game lasted 00:14:19 (3573 turns).

shit the Cudgeler (Minotaur Fighter)                Turns: 3573, Time: 00:14:20

Health: -4/45      AC:  9    Str: 32    XL:     5   Next: 86%
Magic:  4/4        EV:  7    Int:  5    God:
Gold:   241        SH: 10    Dex: 10    Spells: 4/4 levels left

rFire    . . .     SeeInvis .   a - +0 flail
rCold    . . .     Gourm    .   c - +0 shield
rNeg     . . .     Faith    .   b - +0 scale mail
rPois    .         Spirit   .   (helmet restricted)
rElec    .         Reflect  .   (no cloak)
rCorr    +         Harm     +   (no gloves)
MR       .....                  B - +0 pair of boots
Stlth    ..........             q - amulet of harm
HPRegen  0.15/turn              t - ring of resist corrosion
MPRegen  0.09/turn              E - +6 ring of strength

@: mighty
A: retaliatory headbutt, horns 2, shaggy fur 1, wild magic 1
a: no special abilities


You were on level 4 of the Dungeon.
You were not hungry.

You visited 1 branch of the dungeon, and saw 5 of its levels.

You collected 241 gold pieces.

Inventory:

Hand Weapons
 a - a +0 flail (weapon)
Missiles
 g - 167 stones (quivered)
Armour
 b - a +0 scale mail (worn)
 c - a +0 shield (worn)
 B - a +0 pair of boots (worn)
Jewellery
 q - an amulet of harm (around neck)
 t - a ring of resist corrosion (left hand)
 u - an uncursed ring of wizardry
 E - a +6 ring of strength (right hand)
Wands
 D - a wand of enslavement (4)
Scrolls
 j - 4 scrolls of remove curse
 k - 4 scrolls of fear
 l - a scroll of blinking {unknown}
 m - 3 scrolls of amnesia {unknown}
 p - 3 scrolls of identify
 s - a scroll of magic mapping {unknown}
 w - a scroll of immolation {unknown}
 x - 2 scrolls of teleportation {unknown}
 A - 2 scrolls of noise {unknown}
 F - a scroll of enchant armour {unknown}
Potions
 e - a potion of heal wounds {unknown}
 h - 2 potions of flight
 i - a potion of resistance {unknown}
 n - a potion of agility {unknown}
 o - a potion of curing {unknown}
 r - a potion of degeneration {unknown}
 v - a potion of ambrosia {unknown}
 z - a potion of cancellation {unknown}
 C - a potion of haste {unknown}
Books
 y - a book of Necromancy

   Spells                             Type                      Level
   a - Pain                           Necromancy                   1
   b - Animate Skeleton               Necromancy                   1
   c - Vampiric Draining              Necromancy                   3
   d - Regeneration                   Charms/Necromancy            3
   e - Animate Dead                   Necromancy                   4
   f - Borgnjor's Vile Clutch         Necromancy/Earth             5
Comestibles
 f - 7 rations


   Skills:
 - Level 3.6 Fighting
 + Level 7.0 Maces & Flails
 - Level 0.2 Throwing
 - Level 3.6 Armour
 - Level 1.4 Stealth
 - Level 3.6 Shields


You had 4 spell levels left.
You didn't know any spells.

Dungeon Overview and Level Annotations

Branches:
Dungeon (5/15)
 Temple: D:4-7

Altars:

Shops:
D:5 !


Innate Abilities, Weirdness & Mutations

You reflexively headbutt those who attack you in melee.
You have a pair of horns on your head.
You are covered in fur. (AC +1)
Your spells are a little harder to cast, but a little more powerful.


Message History

There is a stone staircase leading down here.
You start resting.
You are feeling hungry.
You eat one of the 8 rations.
That ration really hit the spot!
You start resting.
HP restored.
You climb downwards.
The ogre hits you with a giant club!!
Ouch! That really hurt!
There is a stone staircase leading up, spattered with blood here.
You are too injured to fight recklessly!
You are too injured to fight recklessly!
The bullfrog zombie hits you but does no damage.
You block the ogre's attack.
The sky beast flickers out of sight!
Deactivating autopickup; reactivate with Ctrl-A.
The bullfrog zombie hits you.
You climb upwards.
There is a stone staircase leading down here.
You feel very mighty all of a sudden. The ogre hits you with a giant club!
You die...

######### #.......#
#.#####.# #.# #.#
#.# #.##### # #.#
#.....#
################'##
#####.#
................@.#
#.#
##############..O.#
#.# # #....# #.# #
#....# #.# # #....#
#.# ## #########
#.# .# #.......#
#.# .# #.#####.#
#.# .# #.# #.# #.#


You could see an ogre.

Vanquished Creatures
  A hound (D:4)
  A centaur skeleton (D:4)
  Jessica (D:3)
  A worker ant (D:5)
  5 adders
  2 oozes (D:2)
  3 worms
  3 dart slugs
  4 leopard geckos
  An orc (D:4)
  5 giant cockroaches
  6 hobgoblins
  3 jackals (D:4)
  4 quokkas
  A ball python (D:4)
  6 bats
  3 frilled lizards
  6 goblins
  9 kobolds
  A quokka skeleton (D:4)
  9 rats
75 creatures vanquished.

Notes
Turn   | Place    | Note
-------+----------+-------------------------------------------
     0 | D:1      | shit the Minotaur Fighter began the quest for the Orb.
     0 | D:1      | Reached XP level 1. HP: 19/19 MP: 0/0
   132 | D:1      | Reached skill level 3 in Maces & Flails
   280 | D:1      | Reached XP level 2. HP: 23/26 MP: 1/1
   786 | D:2      | Reached skill level 4 in Maces & Flails
   792 | D:2      | Reached XP level 3. HP: 23/31 MP: 2/2
  1334 | D:2      | Reached skill level 5 in Maces & Flails
  1573 | D:3      | Reached XP level 4. HP: 35/39 MP: 3/3
  1595 | D:3      | Noticed Jessica
  1906 | D:3      | Killed Jessica
  1906 | D:3      | Reached skill level 6 in Maces & Flails
  1942 | D:3      | Reached XP level 5. HP: 41/45 MP: 4/4
  2354 | D:3      | Gained mutation: You are resistant to hostile enchantments. (MR+) [potion of mutation]
  2354 | D:3      | Gained mutation: You have sharp toenails. [potion of mutation]
  2355 | D:3      | Lost mutation: You have sharp toenails. [potion of mutation]
  2355 | D:3      | Lost mutation: You are resistant to hostile enchantments. (MR+) [potion of mutation]
  2355 | D:3      | Gained mutation: You are covered in fur. (AC +1) [potion of mutation]
  2355 | D:3      | Gained mutation: Your spells are a little harder to cast, but a little more powerful. [potion of mutation]
  2497 | D:4      | Reached skill level 1 in Stealth
  3219 | D:5      | Entered Level 5 of the Dungeon
  3302 | D:5      | Found Vaboqysch's Distillery.
  3366 | D:5      | Reached skill level 7 in Maces & Flails
  3367 | D:5      | Noticed an ogre
  3368 | D:5      | Noticed a sky beast
  3573 | D:4      | Slain by an ogre

Vault maps used:
D:1:      lemuel_arrival_behind_the_door_large, st_stairs_7
D:2:      minmay_tripent
D:3:      first_ration, uniq_jessica
D:5:      grunt_qazlal_sundering, minmay_temple_entry_enclosed_plants,
          serial_shops, nicolae_shop_crystal, nrook_pool_corridor,
          item_on_display_a

Skill      XL: |  1  2  3  4  5 |
---------------+----------------+-----
Maces & Flails | 3 4 5 6 7 |  7.0
Stealth        | 1 |  1.4
Fighting       | |  3.6
Throwing       | |  0.2
Armour         | |  3.6
Shields        | |  3.6

Action                   |  1- 3 |  4- 6 || total
-------------------------+-------+-------++-------
Melee: Flail             |   104 |   109 ||   213
       Headbutt          |    13 |    20 ||    33
Throw: Stone             |     1 |     2 ||     3
  Use: Scroll            |     1 |     4 ||     5
       Potion            |       |     3 ||     3
  Eat: Ration            |     1 |     2 ||     3
       Chunk             |     1 |       ||     1
Armor: Scale mail        |    43 |    44 ||    87
Dodge: Dodged            |    27 |    29 ||    56
Block: Shield            |    49 |    61 ||   110

Table legend:
 A = Spawn XP
 B = Non-spawn XP
 C = Spawn XP percentage of total XP
 D = Spawn monster count
 E = Non-spawn monster count
 F = Spawn count percentage of total count
 G = Total turns spent on level
                    A         B        C        D         E        F      G
               +---------+---------+-------+---------+---------+-------+---------
         Total |       0 |     355 |   0.0 |       0 |      75 |   0.0 |  3573
               +---------+---------+-------+---------+---------+-------+---------
           D:1 |       0 |      19 |   0.0 |       0 |      14 |   0.0 |   675
           D:2 |       0 |      74 |   0.0 |       0 |      27 |   0.0 |   894
           D:3 |       0 |      93 |   0.0 |       0 |      14 |   0.0 |   508
           D:4 |       0 |     132 |   0.0 |       0 |      17 |   0.0 |  1317
           D:5 |       0 |      37 |   0.0 |       0 |       3 |   0.0 |   179
               +---------+---------+-------+---------+---------+-------+---------
